[Event "Swedish Chess Championship 2019: Kadett-SM"]
[Site "Stiga Sports Arena, Arenatorget 1, Eskilstuna, Sweden, Sweden"]
[Date "2019.07.13"]
[Round "8.2"]
[White "Muntean, Victor"]
[Black "Zarytovskaya, Margo"]
[Result "1-0"]
[TimeControl "90 minutes for 40 moves + 30 minutes for the rest of the game + 30 seconds per move from move one"]
[WhiteFideId "1054414"]
[BlackFideId "14149249"]
[WhiteElo "1971"]
[BlackElo "1895"]

1. e4 e6 2. d4 d5 3. e5 c5 4. c3 Qb6 5. Nf3 Nc6 6. Bd3 cxd4 7. cxd4 Bd7 8. Nc3 Nxd4 9. Nxd4 Qxd4 10.
O-O a6 11. Qe2 Bc5 12. Be3 Qb4 13. a3 Qb6 14. Qg4 Kf8 15. Nxd5 exd5 16. Qxd7 d4 17. Bc4 Ne7 18. b4 Qc6 19.
Qxc6 Nxc6 20. bxc5 dxe3 21. fxe3 Nxe5 22. Bd5 Rc8 23. Rab1 Rxc5 24. Rxb7 Rxd5 25. Rb8+ Ke7 26. Rxh8 Ra5 27.
Rxh7 Rxa3 28. Rxg7 Rxe3 29. Ra1 Kf6 30. Rg8 Kf5 31. h3 Kf4 32. Ra4+ Kf5 33. Rxa6 Re1+ 34. Kh2 Re2 35. Ra5 Kf4 36.
Ra4+ Kf5 37. Rg3 f6 38. h4 Rd2 39. h5 Rd7 40. h6 Rh7 41. Rh4 Ke6 42. Rg7 Rxg7 43. hxg7 Kf7 44. Ra4 Kxg7 45.
Kg3 Kg6 46. Kf4 Nd3+ 47. Ke3 Ne5 48. Ke4 Nd7 49. Ra7 Ne5 50. Kd5 Kf5 51. Ra1 Kg5 52. Rf1 Ng4 53. Ke6 Ne3 54. Rf3 Ng4 55.
g3 Kg6 56. Rf5 Nh6 57. Rxf6 Kg5 58. Rxh6 Kxh6 59. Kf5 Kg7 60. Kg5 Kh7 61. Kf6 Kg8 62. Kg6 Kh8 63. g4 Kg8 64. g5 Kh8 65.
Kf7 1-0

[Event "Swedish Chess Championship 2019: Kadett-SM"]
[Site "Stiga Sports Arena, Arenatorget 1, Eskilstuna, Sweden, Sweden"]
[Date "2019.07.13"]
[Round "8.3"]
[White "Hall, Alexander"]
[Black "Dingertz, Erik"]
[Result "1-0"]
[TimeControl "90 minutes for 40 moves + 30 minutes for the rest of the game + 30 seconds per move from move one"]
[WhiteFideId "1738933"]
[BlackFideId "1741578"]
[WhiteElo "1805"]
[BlackElo "1959"]

1. d4 Nf6 2. c4 e6 3. Nf3 d5 4.
g3 Nbd7 5. Bg2 b6 6. O-O Bb7 7. cxd5 exd5 8. Bf4 Be7 9. Nc3 O-O 10. Rc1 c5 11. Qa4 Re8 12. Rfd1 Nf8 13. e4 Ne6 14.
Be3 dxe4 15. dxc5 Qc7 16. Nb5 Qc6 17. Ne5 Qc8 18. Nd6 Bxd6 19. cxd6 Qd8 20. d7 Re7 21. Bh3 Nc5 22. Bxc5 Rxe5 23.
Bd6 Ra5 24. Qb4 Nxd7 25. Be7 1-0

[Event "Swedish Chess Championship 2019: Kadett-SM"]
[Site "Stiga Sports Arena, Arenatorget 1, Eskilstuna, Sweden, Sweden"]
[Date "2019.07.13"]
[Round "8.4"]
[White "Lindholm, Gustav"]
[Black "Bensryd, Hampus"]
[Result "1-0"]
[TimeControl "90 minutes for 40 moves + 30 minutes for the rest of the game + 30 seconds per move from move one"]
[WhiteFideId "1736515"]
[BlackFideId "1738330"]
[WhiteElo "1950"]
[BlackElo "1938"]

1. d4 Nf6 2. c4 e6 3. Nc3 Bb4 4. Qc2 O-O 5. a3 Bxc3+ 6. Qxc3 b6 7. Bg5 Bb7 8. Nf3 d6 9. g3 Nbd7 10.
Bg2 h6 11. Bxf6 Nxf6 12. O-O Ne4 13. Qc2 f5 14. Rfd1 Qf6 15. e3 Rae8 16. b4 c5 17. bxc5 bxc5 18. Rab1 Ba8 19. Rb3 Bc6 20.
Rb2 Rb8 21. Rdb1 Rxb2 22. Rxb2 g5 23. Qd3 f4 24. exf4 gxf4 25. Re2 fxg3 26. hxg3 Nxg3 27. fxg3 Bxf3 28. Bxf3 Qxd4+ 29. Qxd4 cxd4 30.
Bg4 e5 31. Be6+ Kg7 32. Rf2 Re8 33. Bd5 e4 34. Rf7+ Kg6 35. Rf4 Kg5 36. Rxe4 Rb8 37. Rxd4 Rb3 38. Kg2 Rxa3 39. Bb7 Ra2+ 40.
Kh3 a5 41. Rd5+ Kf6 42. Rxd6+ Ke5 43. Rd5+ Ke6 44. c5 a4 45. c6 Rc2 46. Ra5 Rc4 47. g4 Rc3+ 48. Kh4 a3 49. Kh5 Rh3+ 50.
Kg6 Kd6 51. Ra7 Rg3 52. Kf5 Rf3+ 53. Ke4 Rc3 54. Ba8 Rc4+ 55. Kf3 Rc3+ 56. Kf4 Kc5 57. Kf5 Kb6 58. Rb7+ Ka6 59. Rb1 Ka7 60.
Bb7 Rc5+ 61. Kf6 Kb8 62. Ra1 Ra5 63. Kg6 Rg5+ 64. Kxh6 Rxg4 65. Rxa3 Kc7 66. Ra5 Rg1 67. Rg5 Rh1+ 68.
Kg6 Rd1 69. Kf6 Re1 70. Rg7+ Kb8 71. Re7 Rf1+ 72. Ke6 Re1+ 73. Kd7 Rd1+ 74. Ke8 Rh1 75. Kd8 Rh8 76. Re8 Rh7 77. Bc8 Rc7 78.
Bd7 Ra7 79. Re3 Ra3 80. c7+ 1-0

[Event "Swedish Chess Championship 2019: Kadett-SM"]
[Site "Stiga Sports Arena, Arenatorget 1, Eskilstuna, Sweden, Sweden"]
[Date "2019.07.13"]
[Round "8.5"]
[White "Ivarsson, Sebastian"]
[Black "Johansson-Ohman, Daniel"]
[Result "1/2-1/2"]
[TimeControl "90 minutes for 40 moves + 30 minutes for the rest of the game + 30 seconds per move from move one"]
[WhiteFideId "1738593"]
[BlackFideId "1736361"]
[WhiteElo "2079"]
[BlackElo "1825"]

1. d4 Nf6 2. c4 g6 3. Nc3 Bg7 4.
Nf3 d6 5. g3 O-O 6. Bg2 Nc6 7. O-O e5 8. dxe5 Nxe5 9. Nxe5 dxe5 10. Qc2 c6 11. b3 Qc7 12. Ba3 Re8 13. Rfd1 Bf8 14.
Bb2 Bf5 15. e4 Be6 16. h3 b5 17. cxb5 cxb5 18. Qe2 a6 19. Nd5 Bxd5 20. exd5 Bd6 21. Rac1 Qe7 22. Rc6 Nd7 23. Rdc1 Nb8 24.
Rc8 Nd7 25. Rxa8 Rxa8 26. Qc2 Re8 27. Qc6 Nb8 28. Qb6 f6 29. a4 bxa4 30. bxa4 e4 31. Bxe4 Nd7 32. Qb7 Qxe4 33. Qxd7 Bxg3 34.
Qg4 Bf4 35. Rc6 Qxd5 36. Rc8 Rxc8 37. Qxc8+ Kg7 38. Qxa6 Qd1+ 39. Qf1 Qxa4 40. Qe1 Qd7 41. Qe4 1/2-1/2

[Event "Swedish Chess Championship 2019: Kadett-SM"]
[Site "Stiga Sports Arena, Arenatorget 1, Eskilstuna, Sweden, Sweden"]
[Date "2019.07.13"]
[Round "8.6"]
[White "Alfredsson, Daniel"]
[Black "Ostling, Albin"]
[Result "1-0"]
[TimeControl "90 minutes for 40 moves + 30 minutes for the rest of the game + 30 seconds per move from move one"]
[WhiteFideId "1742205"]
[BlackFideId "1746430"]
[WhiteElo "1652"]
[BlackElo "1660"]

1. e4 e5 2. Nf3 Nc6 3. Bc4 Nf6 4. d3 Be7 5. c3 O-O 6. O-O d6 7. Re1 Na5 8. Bb5 a6 9. Ba4 b5 10.
Bc2 c5 11. d4 Qc7 12. Nbd2 cxd4 13. cxd4 Bg4 14. d5 Nb7 15. Nf1 Bxf3 16. gxf3 Rac8 17. Re2 Nh5 18. Ng3 Nf4 19. Bxf4 exf4 20.
Nf5 Bf6 21. Rb1 h5 22. b4 Qb6 23. Rd2 g6 24. Nd4 Bxd4 25. Rxd4 Rxc2 26. Qxc2 Qxd4 27. Qc7 Qa7 28. Rc1 Qb8 29.
Qb6 Rc8 30. Rxc8+ Qxc8 31. Qxa6 Qd7 32. Qc6 Qe7 33. Qxb5 Kf8 34. a4 Qc7 35. a5 Nd8 36. Qa6 h4 37. h3 Nb7 38. Qc6 Qb8 39.
Qb6 Qc8 40. a6 Nd8 41. Qxd6+ Ke8 42. a7 Qb7 43. Qb8 1-0

[Event "Swedish Chess Championship 2019: Kadett-SM"]
[Site "Stiga Sports Arena, Arenatorget 1, Eskilstuna, Sweden, Sweden"]
[Date "2019.07.14"]
[Round "9.1"]
[White "Lindholm, Gustav"]
[Black "Nguyen, Gabriel"]
[Result "1/2-1/2"]
[TimeControl "90 minutes for 40 moves + 30 minutes for the rest of the game + 30 seconds per move from move one"]
[WhiteFideId "1736515"]
[BlackFideId "1720791"]
[WhiteElo "1950"]
[BlackElo "2035"]

1. d4 d5 2. c4 e6 3. Nc3 f5 4. Nf3 Nf6 5. Bg5 Be7 6. e3 c6 7. Be2 O-O 8. O-O Ne4 9. Bxe7 Qxe7 10.
Ne5 Nd7 11. f4 Nxe5 12. fxe5 Bd7 13. Qc2 Rac8 14. c5 Qh4 15. Rf3 Qh6 16. Rh3 Qg5 17. b4 a6 18. a4 Qe7 19. Rf3 g5 20.
Rb1 Kh8 1/2-1/2

[Event "Swedish Chess Championship 2019: Kadett-SM"]
[Site "Stiga Sports Arena, Arenatorget 1, Eskilstuna, Sweden, Sweden"]
[Date "2019.07.14"]
[Round "9.2"]
[White "Zarytovskaya, Margo"]
[Black "Hall, Alexander"]
[Result "0-1"]
[TimeControl "90 minutes for 40 moves + 30 minutes for the rest of the game + 30 seconds per move from move one"]
[WhiteFideId "14149249"]
[BlackFideId "1738933"]
[WhiteElo "1895"]
[BlackElo "1805"]

1. e4 c5 2. Nf3 Nc6 3. d4 cxd4 4. Nxd4 g6 5. c4 Nf6 6. Nc3 d6 7. Be2 Nxd4 8. Qxd4 Bg7 9. Be3 O-O 10.
Qd2 Be6 11. O-O Qa5 12. Rab1 Qb4 13. b3 Rfc8 14. Rfd1 a6 15. Bd4 Kf8 16. Qe3 Nd7 17. a3 Qa5 18. b4 Bxd4 19. Rxd4 Qxa3 20.
Qh6+ Kg8 21. Rd3 Bxc4 22. Rh3 Nf8 23. Bxc4 Rxc4 24. Nd5 Qa2 25. Nxe7+ Kh8 26. Rf1 Rxe4 27. Qg5 Qe6 28. Re3 Qe5 29.
Qxe5+ Rxe5 30. Rfe1 Nd7 31. f4 Rxe3 32. Rxe3 Nf6 33. h3 Re8 34. g4 Kg7 35. g5 Ng8 36. Nf5+ Kf8 37. Rxe8+ Kxe8 38.
Nxd6+ Kd7 39. Nxb7 Kc6 40. Nc5 a5 41. Nd3 a4 42. Nc1 Kb5 43. Na2 Ne7 44. Kf2 Nd5 45. Kf3 a3 46. Ke4 Nxb4 47. Nc1 Kc4 48. Ke5 Nd3+ 49.
Kf6 Nxc1 50. Kxf7 a2 51. Kg7 a1=Q+ 52. Kxh7 Qb1 0-1

[Event "Swedish Chess Championship 2019: Kadett-SM"]
[Site "Stiga Sports Arena, Arenatorget 1, Eskilstuna, Sweden, Sweden"]
[Date "2019.07.14"]
[Round "9.3"]
[White "Mitra, Akash"]
[Black "Muntean, Victor"]
[Result "0-1"]
[TimeControl "90 minutes for 40 moves + 30 minutes for the rest of the game + 30 seconds per move from move one"]
[WhiteFideId "1726714"]
[BlackFideId "1054414"]
[WhiteElo "1957"]
[BlackElo "1971"]

1. f4 d5 2. Nf3 c5 3. g3 g6 4. Bg2 Bg7 5. O-O Nc6 6. d3 Nf6 7. Qe1 Bf5 8. h3 Qc7 9. g4 Bd7 10.
e4 e5 11. exd5 Nxd5 12. Nxe5 Nde7 13. Nxd7 Qxd7 14. Nc3 O-O 15. Be3 Nd4 16. Qf2 Rad8 17. Kh1 f5 18. g5 b5 19. Qd2 Rfe8 20.
Rab1 b4 21. Ne2 Nxe2 22. Qxe2 Nd5 23. Bxd5+ Qxd5+ 24. Kh2 Bd4 25. Rf3 Rd6 26. Kg3 Rde6 27. Re1 Rxe3 28. Rxe3 Rxe3+ 29. Qxe3 Bxe3 30.
Rxe3 Qxa2 31. Re7 Qxb2 32. Rxa7 Qxc2 33. Ra8+ Kf7 34. Ra7+ Ke6 35. Ra6+ Kd5 0-1

[Event "Swedish Chess Championship 2019: Kadett-SM"]
[Site "Stiga Sports Arena, Arenatorget 1, Eskilstuna, Sweden, Sweden"]
[Date "2019.07.14"]
[Round "9.4"]
[White "Dingertz, Erik"]
[Black "Alfredsson, Daniel"]
[Result "1/2-1/2"]
[TimeControl "90 minutes for 40 moves + 30 minutes for the rest of the game + 30 seconds per move from move one"]
[WhiteFideId "1741578"]
[BlackFideId "1742205"]
[WhiteElo "1959"]
[BlackElo "1652"]

1. c4 c6 2. g3 d5 3. Bg2 Bf5 4. Nf3 Nf6 5. Qb3 Qb6 6. O-O e6 7. d3 Nbd7 8. Nc3 Nc5 9. Qxb6 axb6 10.
Nd4 Bg6 11. cxd5 exd5 12. Bf4 Ne6 13.
Nxe6 fxe6 14. e4 d4 15. Ne2 c5 16. Bc7 Ra6 17. Bh3 Kd7 18. Be5 Bd6 19. Bxd6 Kxd6 20. f4 Ke7 21. Nc1 b5 22.
Nb3 b6 23. Nd2 Bh5 24. Rfe1 Rha8 25. a3 b4 26. Nc4 b5 27. Ne5 bxa3 28. bxa3 Rxa3 29. Rxa3 Rxa3 30. Rc1 Kd6 31. Rb1 Be8 32.
Nc4+ bxc4 33. e5+ Ke7 34. exf6+ gxf6 35. dxc4 Rc3 36. Bf1 d3 37. Kf2 Bg6 1/2-1/2

[Event "Swedish Chess Championship 2019: Kadett-SM"]
[Site "Stiga Sports Arena, Arenatorget 1, Eskilstuna, Sweden, Sweden"]
[Date "2019.07.14"]
[Round "9.5"]
[White "Nord, Gabriel"]
[Black "Ivarsson, Sebastian"]
[Result "1/2-1/2"]
[TimeControl "90 minutes for 40 moves + 30 minutes for the rest of the game + 30 seconds per move from move one"]
[WhiteFideId "1740660"]
[BlackFideId "1738593"]
[WhiteElo "1792"]
[BlackElo "2079"]

1. e4 e5 2. Nf3 Nc6 3. Bb5 a6 4. Ba4 Nf6 5. O-O Be7 6. Re1 b5 7. Bb3 d6 8. c3 O-O 9. h3 Nb8 10.
d4 Nbd7 11. Nbd2 Bb7 12. Bc2 Re8 13. Nf1 Bf8 14. Ng3 g6 15. a4 c5 16. d5 c4 17. Bg5 h6 18. Be3 Nc5 19. Bxc5 dxc5 20.
Qe2 Bg7 21. Ra2 Qc7 22. Rea1 Red8 23. Nd2 Ne8 24. Ngf1 Nd6 25. Ne3 Qd7 26. Qf3 Rf8 27. g4 Qe7 28. Qg3 Qf6 29. axb5 axb5 30.
Rxa8 Rxa8 31. Rxa8+ Bxa8 32. h4 Qe7 33. f3 Qa7 34. Qe1 Bf6 35. Ng2 b4 36. Bb1 Qa5 37. Qc1 Be7 38. Ne3 Qb5 39.
cxb4 cxb4 40. Ndxc4 Qc5 41. Kg2 Bxh4 42. Qc2 b3 43. Qe2 Nxc4 44. Nxc4 Bb7 45. Bd3 Ba6 1/2-1/2

[Event "Swedish Chess Championship 2019: Kadett-SM"]
[Site "Stiga Sports Arena, Arenatorget 1, Eskilstuna, Sweden, Sweden"]
[Date "2019.07.14"]
[Round "9.6"]
[White "Bensryd, Hampus"]
[Black "Backstrom, Viggo"]
[Result "1/2-1/2"]
[TimeControl "90 minutes for 40 moves + 30 minutes for the rest of the game + 30 seconds per move from move one"]
[WhiteFideId "1738330"]
[BlackFideId "1739719"]
[WhiteElo "1938"]
[BlackElo "1510"]

1. e4 e5 2. Nf3 Nc6 3. d4 exd4 4. Bc4 Bb4+ 5. c3 dxc3 6. bxc3 Ba5 7. O-O d6 8. Qb3 Qe7 9. Bg5 Nf6 10. e5 dxe5 11. Re1 O-O 12. Nbd2 h6 13. Bf4 e4 14. Re2 Bb6 15. Rae1 Na5 16. Qa4 Nxc4 17. Nxc4 Bg4 18. Rd2 Bxf3 19. gxf3 Rfd8 20. Rxd8+ Rxd8 21. Nxb6 axb6 22. fxe4 Qc5 23. Qc2 Qc4 24. Be5 Ng4 25. Bg3 Rd3 26.
Qe2 Qxc3 27. Rd1 Rxd1+ 28. Qxd1 Ne5 29. Qd8+ Kh7 30. Qc8 Qe1+ 31. Kg2 Qxe4+ 32. Kf1 Qh1+ 33. Ke2 Qf3+ 34. Kf1 Qh1+ 35.
Ke2 Qf3+ 36. Kf1 Nd3 37. Qxc7 Qd1+ 38. Kg2 Ne1+ 39. Kf1 Nd3+ 40. Kg2 Ne1+ 41. Kf1 Nd3+ 42. Kg2 1/2-1/2